 Dungeon Crawl Stone Soup version 0.26-a0-1184-g95e395e029 (webtiles) character file.

Game seed: 5696747449212535738

19574 tilp the Martial Artist (level 12, -12/80 HPs)
             Began as an Octopode Transmuter on Dec 27, 2020.
             Was a Priest of Nemelex Xobeh.
             Mangled by a boulder beetle (23 damage)
             ... on level 1 of the Lair of Beasts.
             The game lasted 00:42:17 (22938 turns).

tilp the Martial Artist (Octopode Transmuter)      Turns: 22938, Time: 00:42:17

Health: -12/80     AC:  1    Str:  9    XL:     12   Next: 70%
Magic:  0/30       EV: 17    Int: 20    God:    Nemelex Xobeh [***...]
Gold:   1007       SH:  0    Dex: 13    Spells: 5/23 levels left

rFire    + + .     SeeInvis .     - Unarmed
rCold    + . .     Faith    .   (shield currently unavailable)
rNeg     . . .     Spirit   +   (helmet restricted)
rPois    +         Reflect  .   y - amulet of guardian spirit
rElec    .         Harm     .   B - ring of poison resistance
rCorr    .         Rampage  .   l - ring of protection from fire
Will     .....                  L - ring "Cajeq" {rF+ rC+ MP+9}
Stlth    ++++......             (no ring)
HPRegen  0.23/turn              (no ring)
MPRegen  0.22/turn              (no ring)
                                (no ring)
                                (no ring)

@: blade tentacles
A: almost no armour, stealthy swim, amphibious, 8 rings, constrict 8, camouflage
1, gelatinous body 1
a: End Transformation, Renounce Religion, Draw Escape, Draw Destruction, Draw
Summoning, Triple Draw


You were on level 1 of the Lair of Beasts.
You worshipped Nemelex Xobeh.
Nemelex Xobeh was most pleased with you.
You had blades for tentacles.
You visited 3 branches of the dungeon, and saw 13 of its levels.
You also visited: Ossuary and Bailey.

You collected 1007 gold pieces.

Inventory:

Hand Weapons
 a - the +8 dagger of Peril {flame, rF+ rN+}
   (You found it on level 5 of the Dungeon)

   It has been specially enchanted to burn those struck by it, causing extra
   injury to most foes and up to half again as much damage against particularly
   susceptible opponents.
   It protects you from fire.
   It protects you from negative energy.
 H - the +7 quick blade "Reduteec" {drain, Int+4 Dex-4 SInv}
   (You found it on level 8 of the Dungeon)

   A truly terrible weapon, it drains the life of those it strikes.
   It affects your intelligence (+4).
   It affects your dexterity (-4).
   It lets you see invisible.
Missiles
 e - 10 javelins
 p - 81 boomerangs
 q - 5 curare-tipped darts
 I - 14 poisoned darts (quivered)
Armour
 v - a +0 buckler (melded)
Jewellery
 c - an uncursed ring of ice
 f - an uncursed amulet of reflection
 l - a ring of protection from fire (right scythe-like blade)
 y - an amulet of guardian spirit (around mantle)
 B - a ring of poison resistance (left scythe-like blade)
 K - an uncursed ring of ice
 L - the ring "Cajeq" (on tentacle) {rF+ rC+ MP+9}
   (You acquired it in a bailey)

   [ring of magical power]

   It protects you from fire.
   It protects you from cold.
   It affects your magic capacity (+9).
Wands
 i - a wand of digging (10)
 r - a wand of enslavement (14)
 w - a wand of paralysis (6)
 x - a wand of polymorph (5)
 G - a wand of acid (17)
 M - a wand of iceblast (8)
Scrolls
 d - 3 scrolls of remove curse
 g - 3 scrolls of amnesia
 j - 5 scrolls of fear
 m - 3 scrolls of blinking
 s - 2 scrolls of enchant armour
 t - 3 scrolls of teleportation
 N - a scroll of holy word {unknown}
Potions
 b - a potion of lignification
 h - 2 potions of mutation
 k - 4 potions of might
 n - 2 potions of cancellation
 o - 3 potions of brilliance
 u - 7 potions of heal wounds
 A - a potion of ambrosia {unknown}
 C - 3 potions of haste
 D - 7 potions of curing
 F - a potion of attraction {unknown}
 J - a potion of magic {unknown}
 P - 2 potions of flight
Miscellaneous
 E - a phial of floods


   Skills:
 + Level 6.7 Fighting
 + Level 2.8 Throwing
 + Level 6.8 Dodging
 + Level 6.0 Stealth
 - Level 4.0 Shields
 + Level 10.4 Unarmed Combat
 - Level 6.0 Spellcasting
 - Level 10.0 Transmutations
 + Level 2.0 Ice Magic
 - Level 4.0 Poison Magic
 + Level 5.3 Invocations
 + Level 5.2 Evocations


You had 5 spell levels left.
You knew the following spells:

 Your Spells              Type           Power        Failure   Level
a - Beastly Appendage     Tmut           92%          9%          1
b - Wereblood             Tmut           46%          10%         2
c - Spider Form           Tmut/Pois      17%          21%         3
d - Ice Form              Ice/Tmut       30%          43%         4
e - Blade Hands           Tmut           23%          32%         5
f - Corona                Hex            6%           47%         1
g - Ensorcelled Hibernat  Hex/Ice        20%          47%         2

Your spell library contained the following spells:

 Spells                   Type           Power        Failure   Level
 Confusing Touch          Hex            6%           73%         3
 Dazzling Flash           Conj/Hex       12%          73%         3
 Tukima's Dance           Hex            6%           73%         3


Dungeon Overview and Level Annotations

Branches:
Dungeon (11/15)            Temple (1/1) D:5            Lair (1/6) D:8
    Orc (0/2) D:10        Ossuary (visited)          Bailey (visited)

Altars:
Ashenzari
Cheibriados
Dithmenos
Elyvilon
Fedhas
Gozag
Hepliaklqana
Kikubaaqudgha
Makhleb
Nemelex Xobeh
Okawaru
Qazlal
Ru
Sif Muna
Trog
Uskayaw
Vehumet
Wu Jian
Xom
Yredelemnul
Zin
The Shining One

Shops:
D:6 (

Annotations:
D:8 great orb of eyes?


Innate Abilities, Weirdness & Mutations

You cannot wear most types of armour.
You are very stealthy in the water. (Stealth+)
You are amphibious.
You can wear up to eight rings at the same time.
You can use your tentacles to constrict eight enemies at once.
Your skin changes colour to match your surroundings (Stealth+).
Your rubbery body absorbs attacks. (AC +1, EV +1)


Message History

The boulder beetle is lightly wounded.
The boulder beetle closely misses you.
You slice the boulder beetle!!
The boulder beetle is heavily wounded.
The boulder beetle barely misses you.
You hit the boulder beetle. Your squeeze misses the boulder beetle.
The boulder beetle is heavily wounded.
The boulder beetle bites you!!
* * * LOW HITPOINT WARNING * * *
You hit the boulder beetle but do no damage.
The boulder beetle is heavily wounded.
Unknown command.
You slash the boulder beetle!
The boulder beetle is severely wounded.
The boulder beetle completely misses you.
You slice the boulder beetle!!
The boulder beetle is almost dead.
The boulder beetle bites you!!
You die...
Your body glows slightly and disappears.

# ##..#.......................##.
###.##.........##.#P.#.##.##.....
.........####............###..#.#
P##P##...# #.#.#####P##........÷
######.P.# #.### ########P.#.#
#†..# ##..# #...## #..## #..P#
#####.## ####
##..##########.###.P#
#...@B............##
#####.####.#####.## ## # ###


You could see a boulder beetle.

Vanquished Creatures
  Harold (D:7)
  A centaur warrior (D:8)
  2 two-headed ogres
  Erica (D:8)
  A shock serpent (Lair:1)
  An orc knight (Bailey)
  An ugly thing (D:11)
  2 manticores
  A cyclops (D:11)
  Maurice (D:7)
  Joseph (D:8)
  A cane toad (Lair:1)
  8 komodo dragons (Lair:1)
  A troll (D:9)
  A slime creature (D:7)
  A shadow (D:8)
  2 wyverns
  3 yaks (D:9)
  Eustachio (D:5)
  2 basilisks (Lair:1)
  A warg (D:10)
  Duvessa (D:5)
  3 water moccasins
  6 ice beasts
  7 orc warriors
  A black bear (Lair:1)
  3 sky beasts
  2 phantoms
  An eye of draining (D:11)
  5 ogres
  4 centaurs
  A big kobold (D:10)
  8 bullfrogs
  A gnoll sergeant (D:6)
  6 water moccasin zombies
  Dowan (D:5)
  6 scorpions
  A water moccasin skeleton (D:9)
  15 killer bees
  20 wights
  3 bullfrog zombies
  3 howler monkeys
  A crimson imp (D:6)
  A quasit (D:8)
  5 jellies
  4 hounds
  7 orc priests
  6 orc wizards
  3 bullfrog skeletons
  4 centaur skeletons
  8 iguanas
  11 worker ants
  6 big kobold zombies (Ossuary)
  2 mummies (Ossuary)
  A howler monkey zombie (D:11)
  17 gnolls
  12 adders
  4 shadow imps
  2 white imps
  3 adder skeletons
  2 adder zombies (Ossuary)
  3 worms
  2 dart slugs
  6 leopard geckos
  34 orcs
  9 bats
  5 giant cockroaches
  10 goblins
  18 hobgoblins
  5 jackals
  22 kobolds
  5 quokkas
  6 frilled lizards
  4 gnoll zombies (Ossuary)
  2 hobgoblin zombies (Ossuary)
  A jackal skeleton (D:5)
  4 kobold zombies (Ossuary)
  8 orc zombies (Ossuary)
  A quokka skeleton (D:3)
  13 rats
389 creatures vanquished.

Vanquished Creatures (collateral kills)
  A hydra (Lair:1)
  Urug (D:11)
  A komodo dragon (Lair:1)
3 creatures vanquished.

Vanquished Creatures (others)
  A bullfrog (D:8)
  4 fungi (Lair:1)
  45 plants
50 creatures vanquished.

Grand Total: 442 creatures vanquished

Notes
Turn   | Place    | Note
-------+----------+-------------------------------------------
     0 | D:1      | tilp the Octopode Transmuter began the quest for the Orb.
     0 | D:1      | Reached XP level 1. HP: 13/13 MP: 3/3
   204 | D:1      | Reached skill level 1 in Stealth
   540 | D:1      | Reached XP level 2. HP: 14/18 MP: 1/5
   543 | D:1      | Learned a level 2 spell: Wereblood
  1073 | D:1      | You fall into a shaft and drop 1 floor!
  1089 | D:2      | Reached XP level 3. HP: 20/24 MP: 2/6
  1945 | D:2      | Found a glowing golden altar of the Shining One.
  1956 | D:2      | Noticed a sky beast
  2240 | D:2      | Reached XP level 4. HP: 29/29 MP: 3/7
  2951 | D:3      | Found a faded altar of an unknown god.
  3156 | D:2      | Learned a level 3 spell: Spider Form
  3914 | D:4      | Reached XP level 5. HP: 34/34 MP: 4/8
  4237 | D:4      | Reached skill level 1 in Poison Magic
  4411 | D:4      | Got a shimmering dagger
  4884 | D:4      | Identified the +1 dagger of Modern Judgement {vorpal, rC-
                  | rN+++ Str+6} (You found it on level 4 of the Dungeon)
  4920 | D:5      | Entered Level 5 of the Dungeon
  4954 | D:5      | Got a smoking dagger
  5176 | D:5      | Found a glowing silver altar of Zin.
  5209 | D:5      | Noticed Eustachio
  5219 | D:5      | Killed Eustachio
  5220 | D:5      | Reached XP level 6. HP: 21/39 MP: 9/11
  5370 | D:5      | Noticed Duvessa
  5373 | D:5      | Noticed Dowan
  5584 | D:5      | Reached XP level 7. HP: 45/45 MP: 10/12
  5628 | D:5      | Found an ancient bone altar of Kikubaaqudgha.
  5628 | D:5      | Found a blossoming altar of Fedhas.
  6104 | D:5      | Reached skill level 5 in Transmutations
  6203 | D:5      | Found a staircase to the Ecumenical Temple.
  6235 | Temple   | Entered the Ecumenical Temple
  6486 | Temple   | Became a worshipper of Nemelex Xobeh the Trickster
  6753 | D:6      | Found Vestownepn's Weapon Shoppe.
  7177 | D:6      | Reached XP level 8. HP: 46/51 MP: 12/14
  7689 | D:6      | Reached skill level 1 in Shields
  8214 | D:6      | Reached skill level 5 in Unarmed Combat
  8219 | D:6      | Learned a level 4 spell: Ice Form
  8225 | D:6      | Learned a level 5 spell: Blade Hands
  8512 | D:6      | Reached * piety under Nemelex Xobeh
  8691 | D:6      | Reached XP level 9. HP: 27/58 MP: 11/15
  8929 | D:6      | Found a basalt altar of Yredelemnul.
  8929 | D:6      | Found a shimmering blue altar of Sif Muna.
  8997 | D:7      | Found a sand-covered staircase.
  9006 | Ossuary  | Entered an ossuary
  9065 | Ossuary  | Reached skill level 1 in Ice Magic
  9618 | D:7      | Received a gift from Nemelex Xobeh
 10500 | D:7      | Found an iron altar of Okawaru.
 10526 | D:7      | Received a gift from Nemelex Xobeh
 10801 | D:7      | Noticed Harold
 10818 | D:7      | Found an iron altar of Okawaru.
 11095 | D:8      | Reached skill level 1 in Invocations
 11095 | D:8      | Reached skill level 1 in Evocations
 11109 | D:8      | Noticed a deep elf mage
 11140 | D:7      | Reached XP level 10. HP: 51/63 MP: 7/16
 11308 | D:8      | Noticed Maurice
 11407 | D:8      | Identified the +8 dagger of Peril {flame, rF+ rN+} (You
                  | found it on level 5 of the Dungeon)
 11679 | D:7      | Killed Maurice
 11822 | D:8      | Reached skill level 5 in Spellcasting
 11925 | D:8      | Reached ** piety under Nemelex Xobeh
 11926 | D:8      | Found a sacrificial altar of Ru.
 12015 | D:8      | Received a gift from Nemelex Xobeh
 12516 | D:8      | Noticed a two-headed ogre
 12524 | D:8      | Killed a two-headed ogre
 12725 | D:8      | Found a staircase to the Lair.
 12904 | D:8      | Found a burning altar of Makhleb.
 13214 | D:8      | Noticed Joseph
 13344 | D:8      | Identified the +7 morningstar "Aschel" {vorpal, +Inv Dex+4}
 13645 | D:8      | Noticed a manticore
 13645 | D:8      | a deep elf mage changed into a manticore
 13866 | D:8      | Got a bloodstained quick blade
 13880 | D:8      | Killed a manticore
 13881 | D:8      | Reached skill level 5 in Fighting
 13881 | D:8      | Reached skill level 5 in Dodging
 14230 | D:8      | Noticed Erica
 14241 | D:8      | Killed Erica
 14242 | D:8      | Reached XP level 11. HP: 49/72 MP: 11/20
 14711 | D:8      | Noticed a centaur warrior
 14711 | D:8      | Noticed a great orb of eyes
 14723 | D:8      | Paralysed by a great orb of eyes for 4 turns
 15021 | D:5      | Killed Duvessa
 15027 | D:5      | Killed Dowan
 15805 | D:9      | Received a gift from Nemelex Xobeh
 16617 | D:9      | Reached *** piety under Nemelex Xobeh
 16917 | D:10     | Entered Level 10 of the Dungeon
 17132 | D:10     | Found a staircase to the Orcish Mines.
 17471 | D:10     | Found a broken altar of Ashenzari.
 17478 | D:10     | Found a flagged portal.
 17529 | Bailey   | Entered a bailey
 17844 | Bailey   | Noticed an orc knight
 17877 | Bailey   | Killed an orc knight
 17889 | Bailey   | HP: 3/72 [kobold (2)]
 18408 | Bailey   | Identified a scroll of acquirement
 18408 | Bailey   | Acquired the ring "Cajeq" {rF+ rC+ MP+9}
 18610 | D:10     | Learned a level 1 spell: Corona
 18683 | D:10     | Identified the +7 quick blade "Reduteec" {drain, Int+4
                  | Dex-4 SInv} (You found it on level 8 of the Dungeon)
 18695 | D:10     | Received a gift from Nemelex Xobeh
 19516 | D:11     | Noticed a manticore
 19525 | D:11     | Killed a manticore
 20142 | D:11     | Noticed a two-headed ogre
 20147 | D:11     | Killed a two-headed ogre
 20149 | D:11     | Noticed a red ugly thing
 20172 | D:11     | Killed a red ugly thing
 20244 | D:11     | Reached XP level 12. HP: 79/79 MP: 17/21
 20391 | D:11     | Received a gift from Nemelex Xobeh
 20630 | D:11     | Reached skill level 10 in Unarmed Combat
 20630 | D:11     | Reached skill level 10 in Transmutations
 20750 | D:11     | Noticed Urug
 20761 | D:11     | Killed Urug
 21007 | D:7      | Killed Harold
 21008 | D:7      | Reached skill level 1 in Throwing
 21145 | D:8      | Killed Joseph
 21277 | D:8      | Killed a centaur warrior
 21515 | D:8      | Learned a level 2 spell: Ensorcelled Hibernation
 21557 | Lair:1   | Entered Level 1 of the Lair of Beasts
 21621 | Lair:1   | Noticed a seven-headed hydra
 21634 | Lair:1   | Killed a seven-headed hydra
 21636 | Lair:1   | Reached skill level 5 in Stealth
 21696 | Lair:1   | Noticed Fannar
 21701 | Lair:1   | Noticed Fannar
 21701 | Lair:1   | Fannar changed into Fannar the shock serpent
 21715 | Lair:1   | Killed Fannar the shock serpent
 22182 | Lair:1   | Reached skill level 5 in Invocations
 22265 | Lair:1   | Reached skill level 5 in Evocations
 22896 | Lair:1   | Noticed a boulder beetle
 22938 | Lair:1   | Mangled by a boulder beetle

Illustrated notes

Levels and vault maps discovered:
D:1:      minmay_arrival_jagged, layout_basic, corexii_hall_statues_i,
          minmay_surrounded
D:2:      layout_rooms, general_overflow_altar, chequers_decorated_corner
D:3:      layout_rooms, chequers_ecumenical_altar_grove
D:4:      layout_layer_cave
D:5:      layout_loops_ring, grunt_temple_overflow_growth_and_decay,
          minmay_temple_entry_nine_rooms, basic_altar, uniq_eustachio,
          uniq_duvessa
D:6:      layout_cave_pools, gammafunk_temple_overflow_elements, serial_shops,
          shop, minmay_fire_ice_demons
D:7:      layout_loops_ring, kennysheep_mini_moat, chequers_ossuary_entry_cave,
          basic_altar, uniq_harold
D:8:      nzn_winding_woodlands_large [nzn_winding_woodlands_5x5_open_star,
          nzn_winging_woodlands_5x15_pathside_ponds,
          nzn_winding_woodlands_hourglass, nzn_winding_woodlands_center_lodge,
          nzn_winding_woodlands_15x15_five_gardens,
          nzn_winding_woodlands_center_diamonds,
          nzn_winding_woodlands_5x5_default, nzn_winding_woodlands_5x15_eye,
          nzn_winding_woodlands_5x5_perimeter], layout_loops_ring,
          kennysheep_mini, nicolae_ru_great_annihilating_truth, uniq_joseph,
          uniq_maurice, uniq_erica
D:9:      layout_stronghold, hex_tiny, eino_curves_01
D:10:     layout_gridville, erik_orc_4, enter_bailey_8, basic_altar
D:11:     layout_long_grid, uniq_urug
Temple:   minmay_temple_curvy_branch
Lair:1:   beast_lair_carwin_large_4, layout_loops_ring, serial_bayou_shore_b,
          grunt_megastairs_4, uniq_fannar

Skill      XL: |  1  2  3  4  5  6  7  8  9 10 11 12 |
---------------+-------------------------------------+-----
Stealth        | 1 2 3 4 6 |  6.0
Fighting       | 2 4 5 6 |  6.7
Unarmed Combat | 4 5 6 7 9 10 | 10.4
Poison Magic   | 2 4 |  4.0
Spellcasting   | 3 4 6 |  6.0
Transmutations | 3 4 6 8 9 10 | 10.0
Dodging        | 4 5 6 |  6.8
Shields        | 3 4 |  4.0
Ice Magic      | 2 |  2.0
Invocations    | 2 4 5 |  5.3
Evocations     | 2 4 5 |  5.2
Throwing       | 2 |  2.8

Action                   |  1- 3 |  4- 6 |  7- 9 | 10-12 || total
-------------------------+-------+-------+-------+-------++-------
Melee: Unarmed           |    84 |    98 |   361 |   748 ||  1291
       Constrict         |    26 |    27 |    43 |    12 ||   108
       Kick              |    17 |    24 |    39 |     4 ||    84
       Tentacles         |     9 |    19 |    28 |    10 ||    66
       Punch             |     1 |     1 |    12 |     3 ||    17
Throw: Javelin           |     3 |     9 |       |       ||    12
       Stone             |       |     3 |       |       ||     3
       Boomerang         |       |     4 |     5 |       ||     9
       Dart              |       |       |       |     5 ||     5
 Cast: Beastly Appendage |    24 |    29 |    18 |     4 ||    75
       Wereblood         |    12 |    13 |    23 |    32 ||    80
       Spider Form       |       |       |    25 |    33 ||    58
       Ice Form          |       |       |     1 |    42 ||    43
       Blade Hands       |       |       |       |     1 ||     1
Invok: Draw Destruction  |       |       |       |    12 ||    12
       Draw Summoning    |       |       |       |     4 ||     4
       Triple Draw       |       |       |       |     2 ||     2
Evoke: Wand              |       |     1 |     1 |     8 ||    10
       Phial of floods   |       |       |       |     1 ||     1
  Use: Potion            |     2 |       |       |     4 ||     6
       Scroll            |       |    12 |    10 |    10 ||    32
 Stab: Sleeping          |     1 |     7 |    12 |    10 ||    30
       Paralysed         |       |       |       |    10 ||    10
       Distracted        |       |       |       |     1 ||     1
Armor: Skin              |    10 |     2 |     8 |    83 ||   103
Dodge: Dodged            |    54 |    49 |   211 |   617 ||   931
Block: Other             |       |    17 |    34 |       ||    51
       Reflection        |       |       |     3 |       ||     3
       Buckler           |       |       |    29 |    26 ||    55

Table legend: (Time is in decaauts)
 A = Elapsed time spent in this place.
 B = Non-inter-level travel time spent in this place.
 C = Inter-level travel time spent in this place.
 D = Time resting spent in this place.
 E = Time spent auto-exploring this place.
 F = Levels seen in this place.
 G = Mean time per level.
                   A        B        C        D        E       F      G
               +--------+--------+--------+--------+--------+-----+--------+
         Total |  22788 |  21262 |   1526 |   7620 |   9792 |  15 | 1519.2 |
       Dungeon |  19864 |  18479 |   1385 |   6504 |   8786 |  11 | 1805.8 |
        Temple |    276 |    227 |     49 |      0 |    225 |   1 |  276.0 |
          Lair |   1185 |   1093 |     92 |    411 |    426 |   1 | 1185.0 |
       Ossuary |    581 |    581 |      0 |    187 |    196 |   1 |  581.0 |
        Bailey |    880 |    880 |      0 |    518 |    159 |   1 |  880.0 |
               +--------+--------+--------+--------+--------+-----+--------+

Top non-repeatable levels by time:
     D:8: 3830 daAuts
     D:7: 2466 daAuts
     D:9: 1835 daAuts
     D:1: 1791 daAuts
     D:5: 1779 daAuts
     D:6: 1719 daAuts
     D:4: 1597 daAuts
    D:11: 1421 daAuts
    D:10: 1384 daAuts
     D:2: 1240 daAuts
  Lair:1: 1185 daAuts
  Bailey: 880 daAuts
     D:3: 798 daAuts
 Ossuary: 581 daAuts
  Temple: 276 daAuts
